[Event "Titled Tuesday Blitz May 24 Late 2022"]
[White "Senthilkumar, Pranav"]
[Black "Yaksin, Oleg"]
[WhiteFideId "2083477"]
[BlackFideId "24105880"]
[WhiteElo "2424"]
[BlackElo "2256"]
[Result "1-0"]
[Round "10"]
[TimeControl "180+1"]
[Date "2022.05.25"]
[WhiteClock "0:02:28"]
[BlackClock "0:01:15"]

1. Nf3 d5 2. g3 Nf6 3. Bg2 c6 4. O-O Bf5 5. c4 e6 6. cxd5 exd5 7. d4 Bd6 8. Nc3 h6 9. Ne5 Nbd7 10. Bf4 Qe7 11. Nxd7 Qxd7 12. Bxd6 Qxd6 13. Qb3 Rb8 14. Rfe1 O-O 15. Rad1 Rfe8 16. e3 h5 17. Ne2 h4 18. Nf4 g5 19. Nh3 Ne4 20. Bxe4 Rxe4 21. Nxg5 Rg4 22. e4 Bxe4 23. Rxe4 dxe4 24. Qxf7+ Kh8 25. Qh7# 1-0


[Site "https://www.chess.com"]

[Event "Titled Tuesday Blitz May 24 Late 2022"]
[White "Shimanov, Aleksandr"]
[Black "Bluebaum, Matthias"]
[WhiteFideId "4198603"]
[BlackFideId "24651516"]
[WhiteElo "2605"]
[BlackElo "2556"]
[Result "0-1"]
[Round "10"]
[TimeControl "180+1"]
[Date "2022.05.24"]
[WhiteClock "0:00:04"]
[BlackClock "0:00:06"]

1. b3 d5 2. Bb2 Bf5 3. d3 Nf6 4. Nd2 c5 5. g3 Nc6 6. Bg2 e5 7. e4 dxe4 8. dxe4 Be6 9. Ngf3 Qc7 10. O-O Rd8 11. Qe1 Be7 12. Nh4 O-O 13. Nf5 Rfe8 14. Ne3 Bf8 15. Rd1 b5 16. f4 Bc8 17. f5 c4 18. bxc4 bxc4 19. c3 Bc5 20. Kh1 Ba6 21. Nd5 Qb7 22. Bc1 Rd6 23. g4 Ne7 24. Nxf6+ Rxf6 25. Nf3 Rd6 26. Nxe5 Rxd1 27. Qxd1 Qc7 28. Nf3 Bb7 29. e5 Nd5 30. Qe2 Bb6 31. Bd2 Ne7 32. e6 Nd5 33. Ng5 fxe6 34. Nxe6 Qd6 35. Rd1 Bc7 36. Be4 Nxc3 37. Bxc3 Bxe4+ 38. Kg1 Bb6+ 39. Bd4 Rxe6 40. fxe6 Bxd4+ 41. Kf1 Bd3 42. Rxd3 cxd3 43. Qe4 Kf8 44. Qxd3 Ke7 45. Qxh7 Qxe6 46. Qd3 Qe3 47. Qc2 Qg1+ 48. Ke2 Qxh2+ 49. Kd3 Qxc2+ 50. Kxc2 g5 0-1


[Site "https://www.chess.com"]

[Event "Titled Tuesday Blitz May 24 Late 2022"]
[White "Shirov, Alexei"]
[Black "Csonka, Balazs"]
[WhiteFideId "2209390"]
[BlackFideId "742910"]
[WhiteElo "2678"]
[BlackElo "2404"]
[Result "1-0"]
[Round "10"]
[TimeControl "180+1"]
[Date "2022.05.24"]
[WhiteClock "0:00:38"]
[BlackClock "0:00:02"]

1. e4 c5 2. Nc3 Nc6 3. Nge2 e6 4. g3 d5 5. exd5 exd5 6. d4 Bg4 7. Bg2 Nxd4 8. h3 Bf3 9. Kf1 Qd7 10. Bxf3 Nxf3 11. Qxd5 Qxd5 12. Nxd5 O-O-O 13. c4 Ne7 14. Nec3 Ne5 15. b3 Nxd5 16. Nxd5 Nc6 17. Kg2 Bd6 18. Be3 b6 19. Rad1 Rhe8 20. Rd2 Ne7 21. Rhd1 Nxd5 22. Rxd5 Be7 23. Kf3 Rxd5 24. Rxd5 Bf6 25. g4 g6 26. a3 Rd8 27. Ke4 Re8+ 28. Kd3 Rd8 29. Rxd8+ Bxd8 30. Ke4 Bc7 31. Kd5 Kd7 32. f3 Bd6 33. Bg5 a5 34. Bf6 Bc7 35. Be5 Bd8 36. Bd6 Bf6 37. f4 Bb2 38. a4 Bf6 39. f5 Bd8 40. Be5 Be7 41. f6 Bf8 42. g5 h6 43. h4 hxg5 44. hxg5 1-0


[Site "https://www.chess.com"]

[Event "Titled Tuesday Blitz May 24 Late 2022"]
[White "Skliarov, Viktor"]
[Black "Proudian, Armen"]
[WhiteFideId "14106736"]
[BlackFideId "2130734"]
[WhiteElo "2229"]
[BlackElo "2380"]
[Result "1-0"]
[Round "10"]
[TimeControl "180+1"]
[Date "2022.05.24"]
[WhiteClock "0:00:15"]
[BlackClock "0:00:03"]

1. e4 e5 2. Nc3 Nc6 3. Bc4 Nf6 4. d3 Bc5 5. a3 d6 6. h3 Be6 7. Nd5 Bxd5 8. exd5 Ne7 9. Qf3 h6 10. Ne2 Qd7 11. O-O Qf5 12. Qxf5 Nxf5 13. Ba2 g5 14. b4 Bb6 15. c4 Bd4 16. Nxd4 Nxd4 17. Bb2 Kd7 18. Rae1 Nf5 19. Bb3 Rag8 20. g3 h5 21. Kg2 h4 22. g4 Ne7 23. d4 e4 24. f3 Ng6 25. fxe4 Nf4+ 26. Rxf4 gxf4 27. Kf3 Nh7 28. Rh1 Ng5+ 29. Kxf4 f6 30. e5 fxe5+ 31. dxe5 dxe5+ 32. Bxe5 Rh7 33. Bc2 Rf7+ 34. Bf5+ Kd8 35. c5 Rff8 36. Bd4 Nf7 37. Bf2 Rh8 38. Re1 b6 39. Bd4 Rh6 40. Bg7 Rhh8 41. Bf6# 1-0


[Site "https://www.chess.com"]

[Event "Titled Tuesday Blitz May 24 Late 2022"]
[White "Tanenbaum, Zachary"]
[Black "Zhurbinsky, David"]
[WhiteFideId "2060850"]
[BlackFideId "2072904"]
[WhiteElo "2168"]
[BlackElo "2577"]
[Result "1-0"]
[Round "10"]
[TimeControl "180+1"]
[Date "2022.05.24"]
[WhiteClock "0:00:39"]
[BlackClock "0:00:09"]

1. e4 e5 2. Nf3 Nc6 3. Bc4 Bc5 4. c3 Nf6 5. d3 O-O 6. Nbd2 d6 7. a4 a6 8. Nf1 d5 9. exd5 Nxd5 10. Ng3 Nf4 11. Bxf4 exf4 12. Ne4 Ba7 13. O-O Bg4 14. d4 Kh8 15. Neg5 Qf6 16. Qc2 g6 17. h3 Bf5 18. Bd3 h6 19. Bxf5 hxg5 20. Be4 Kg7 21. Bxc6 Qxc6 22. Rad1 Qf6 23. Ne5 Rad8 24. Qb3 Bb6 25. a5 Bxa5 26. Qxb7 Rb8 27. Qf3 Rxb2 28. Nd7 Qd6 29. Nxf8 Kxf8 30. Ra1 Qb6 31. c4 Bd2 32. c5 Qb4 33. Qd3 a5 34. Rfb1 Bc3 35. Rc1 a4 36. Qxc3 a3 37. Qxb4 Rxb4 38. Rxa3 Rxd4 39. Ra7 c6 40. Rc7 Rc4 41. Rxc4 Kg7 42. Rxc6 Kh6 43. Rd6 f3 44. c6 g4 45. hxg4 f5 46. c7 Kg5 47. c8=Q fxg2 48. Rxg6+ Kh4 49. Rh6+ Kg5 50. Qxf5+ 1-0


[Site "https://www.chess.com"]

[Event "Titled Tuesday Blitz May 24 Late 2022"]
[White "Tristan, Leonardo"]
[Black "Oparin, Grigoriy"]
[WhiteFideId "113816"]
[BlackFideId "24125890"]
[WhiteElo "2404"]
[BlackElo "2665"]
[Result "0-1"]
[Round "10"]
[TimeControl "180+1"]
[Date "2022.05.24"]
[WhiteClock "0:01:00"]
[BlackClock "0:02:16"]

1. d4 f5 2. Nf3 Nf6 3. g3 g6 4. Bg2 Bg7 5. O-O d6 6. Nbd2 O-O 7. Re1 Nc6 8. e4 fxe4 9. Nxe4 Nxe4 10. Rxe4 Bf5 11. Re1 e5 12. c3 e4 13. Nh4 d5 14. Nxf5 gxf5 15. Bf4 Qd7 16. f3 Nd8 17. fxe4 fxe4 18. Qh5 Ne6 19. Be5 Qe8 20. Qg4 Qg6 21. Qxg6 hxg6 22. Bh3 Ng5 23. Bxg7 Nxh3+ 24. Kg2 Kxg7 25. Kxh3 Rf2 26. b3 Rh8+ 27. Kg4 Rhxh2 28. c4 c6 29. cxd5 cxd5 30. a4 Rb2 31. Rac1 Rhc2 32. Kf4 Kf6 33. Rf1 Rxc1 34. Rxc1 Rxb3 35. Rc5 Ke6 36. g4 Rd3 37. Kg5 Rxd4 38. Kxg6 e3 39. Rc3 Rxg4+ 0-1


[Site "https://www.chess.com"]

[Event "Titled Tuesday Blitz May 24 Late 2022"]
[White "Vasquez Schroeder, Rodrigo"]
[Black "Ivanisevic, Ivan"]
[WhiteFideId "3400042"]
[BlackFideId "912417"]
[WhiteElo "2567"]
[BlackElo "2495"]
[Result "0-1"]
[Round "10"]
[TimeControl "180+1"]
[Date "2022.05.24"]
[WhiteClock "0:00:13"]
[BlackClock "0:00:05"]

1. e4 c5 2. Nf3 d6 3. d4 cxd4 4. Nxd4 Nf6 5. Nc3 Bd7 6. Bg5 e6 7. Be2 Be7 8. Qd2 a6 9. O-O-O b5 10. a3 Nc6 11. Kb1 O-O 12. h4 Rb8 13. f3 b4 14. Nxc6 Bxc6 15. axb4 Qb6 16. Na2 a5 17. Be3 Qb7 18. c3 d5 19. e5 Nd7 20. Bd4 Ba4 21. bxa5 Nc5 22. b4 Nb3 23. Qe3 Nxa5 24. Rde1 Rfc8 25. Bd3 Nc6 26. Ka1 Bb3 27. Bb1 Ra8 28. Re2 Ra3 29. Rb2 Bc4 30. g3 Rca8 31. Rhh2 Qa6 32. f4 Nxb4 33. Bc5 Nxa2 34. Bxa3 Nc1 35. Qxc1 Bxa3 36. Ba2 Bxb2+ 37. Qxb2 h5 38. Qb1 Qa5 39. Qb4 Qa7 40. Qb1 Bxa2 41. Rxa2 Qxa2+ 42. Qxa2 Rxa2+ 43. Kxa2 Kh7 0-1


[Site "https://www.chess.com"]

[Event "Titled Tuesday Blitz May 24 Late 2022"]
[White "Vivas Zamora, Fabian Ernesto"]
[Black "Prieto Aranguren, Alain"]
[WhiteFideId "3902480"]
[BlackFideId "2268906"]
[WhiteElo "1987"]
[BlackElo "2235"]
[Result "0-1"]
[Round "10"]
[TimeControl "180+1"]
[Date "2022.05.25"]
[WhiteClock "0:00:01"]
[BlackClock "0:00:30"]

1. c4 a5 2. Nc3 Na6 3. g3 h5 4. Bg2 h4 5. d4 d6 6. Bg5 h3 7. Bf3 f6 8. Bc1 e5 9. e4 Ne7 10. Be3 Nc6 11. d5 Ne7 12. Nb5 Bd7 13. a3 g6 14. Rc1 Bg7 15. Qd2 a4 16. Qe2 Bh6 17. Bg4 Bxe3 18. fxe3 Nc5 19. Nc3 f5 20. Bxh3 fxe4 21. Bxd7+ Qxd7 22. Rc2 Nf5 23. Qg4 Nd3+ 24. Kd2 Kf7 25. Nxe4 Nc5 26. Nxc5 dxc5 27. Nf3 Rae8 28. e4 b5 29. Ng5+ Kg7 30. exf5 gxf5 31. Ne6+ Kf6 32. Qg7+ Qxg7 33. Nxg7 Kxg7 34. cxb5 Kf6 35. Rxc5 e4 36. Ke3 Ke5 37. Rxc7 Kxd5 38. Rd1+ Ke5 39. Rc5+ Kf6 40. h4 Rhg8 41. Rg1 Rd8 42. Ke2 Rd3 43. Rc3 Rd5 44. g4 f4 45. b6 Ke5 0-1


[Site "https://www.chess.com"]

[Event "Titled Tuesday Blitz May 24 Late 2022"]
[White "Wachinger, Guenther"]
[Black "Krstulovic, Alex"]
[WhiteFideId "4604261"]
[BlackFideId "760056"]
[WhiteElo "2212"]
[BlackElo "2193"]
[Result "0-1"]
[Round "10"]
[TimeControl "180+1"]
[Date "2022.05.25"]
[WhiteClock "0:00:11"]
[BlackClock "0:00:04"]

1. e4 c5 2. Nf3 e6 3. d4 cxd4 4. Nxd4 Nf6 5. Nc3 Nc6 6. Ndb5 Bc5 7. Bd2 Qb6 8. Qf3 a6 9. Na4 Qd8 10. Nxc5 axb5 11. Bd3 Qc7 12. Nb3 d5 13. O-O dxe4 14. Bxe4 Nxe4 15. Qxe4 O-O 16. a3 Ra4 17. Qe2 Rh4 18. g3 Rc4 19. Bc3 b6 20. Nd2 Nd4 21. Bxd4 Rxd4 22. c3 Rd5 23. Rad1 Bb7 24. Rfe1 Qc6 25. f3 Rfd8 26. Ne4 f5 27. Ng5 h6 28. Rxd5 Rxd5 29. Nxe6 Qd6 30. Nd4 Qc5 31. Qe6+ Kh7 32. Qe3 Qc4 33. Kg2 Qa2 34. Re2 Qc4 35. h4 Bc8 36. h5 Bd7 37. Kf2 b4 38. axb4 Ba4 39. Qf4 Bd1 40. Re7 Qd3 41. Qe3 Qb1 42. Qd2 Bb3 43. Rc7 Ba4 44. Qe3 Qxb2+ 45. Ne2 Bb5 46. Re7 Bxe2 47. Qxe2 Rd2 48. g4 Rxe2+ 49. Rxe2 Qxc3 50. gxf5 Qd4+ 51. Kg3 Qxb4 52. Re4 Qd6+ 53. Kg4 b5 54. Re6 Qd8 55. f4 Qd1+ 56. Kg3 b4 57. f6 gxf6 58. Re7+ Kg8 59. f5 Kf8 60. Rb7 Qd3+ 61. Kf4 b3 62. Rb8+ Ke7 63. Kg4 Qd4+ 64. Kh3 Qe3+ 65. Kh4 Qf4+ 66. Kh3 Qxb8 67. Kh4 b2 68. Kh3 b1=Q 69. Kg4 Qe5 70. Kh3 Qd3+ 71. Kh4 Qee4# 0-1


[Site "https://www.chess.com"]

[Event "Titled Tuesday Blitz May 24 Late 2022"]
[White "Wieczorek, Oskar"]
[Black "Sargsyan, Anna M."]
[WhiteFideId "1133950"]
[BlackFideId "13308130"]
[WhiteElo "2330"]
[BlackElo "2271"]
[Result "1-0"]
[Round "10"]
[TimeControl "180+1"]
[Date "2022.05.24"]
[WhiteClock "0:00:24"]
[BlackClock "0:00:04"]

1. e4 e5 2. Nf3 Nc6 3. Nc3 Nf6 4. a3 g6 5. Bc4 Bg7 6. d3 O-O 7. O-O d6 8. h3 Be6 9. Bxe6 fxe6 10. Ne2 Nh5 11. Ng3 Nf4 12. c3 h6 13. d4 exd4 14. cxd4 Qf6 15. Bxf4 Qxf4 16. Qd3 Rf7 17. Rac1 Raf8 18. Rfe1 h5 19. Ne2 Qh6 20. h4 Bf6 21. Qe3 Qxe3 22. fxe3 Kg7 23. b4 Bd8 24. Nf4 Rxf4 25. exf4 Rxf4 26. Ng5 Bxg5 27. hxg5 Rf7 28. Red1 a6 29. Rc3 Rd7 30. Kf2 Na7 31. a4 c6 32. Ke3 d5 33. e5 Nc8 34. Rf1 Ne7 35. Rf6 Nf5+ 36. Kd3 Re7 37. b5 axb5 38. axb5 cxb5 39. Rb3 b4 40. Rxb4 h4 41. Rb6 Ng3 42. Rfxe6 Rxe6 43. Rxe6 Nh5 44. Ke3 Ng3 45. Rb6 Nf5+ 46. Kd3 h3 47. gxh3 1-0


[Site "https://www.chess.com"]

[Event "Titled Tuesday Blitz May 24 Late 2022"]
[White "Winkels, Marcel"]
[Black "Jorquera, Marcelo"]
[WhiteFideId "1003887"]
[BlackFideId "3401197"]
[WhiteElo "1900"]
[BlackElo "2136"]
[Result "0-1"]
[Round "10"]
[TimeControl "180+1"]
[Date "2022.05.25"]
[WhiteClock "0:00:01"]
[BlackClock "0:00:08"]

1. e4 d5 2. exd5 Nf6 3. d4 Bg4 4. Nf3 Qxd5 5. Nc3 Qh5 6. Be3 Nc6 7. Be2 O-O-O 8. Qd2 e5 9. d5 Bb4 10. dxc6 Rxd2 11. cxb7+ Kxb7 12. Bxd2 Rd8 13. h3 e4 14. Ng1 Bxe2 15. Ngxe2 e3 16. Bxe3 Ne4 17. O-O Nxc3 18. Nxc3 Qf5 19. Rfc1 Rd6 20. a3 Ba5 21. b4 Bb6 22. Re1 Rg6 23. Bxb6 axb6 24. Re3 Qxc2 25. Rd1 Re6 26. Rxe6 fxe6 27. Kf1 Qxc3 28. Ke2 Qxa3 29. Rd4 Qb2+ 30. Ke3 Qxd4+ 31. Kxd4 Kc6 32. Ke5 Kd7 33. f4 c5 34. bxc5 bxc5 35. g4 g6 36. h4 h5 37. gxh5 gxh5 38. f5 exf5 39. Kxf5 Kd6 40. Ke4 Kc6 41. Kd3 Kd5 0-1


[Site "https://www.chess.com"]

[Event "Titled Tuesday Blitz May 24 Late 2022"]
[White "Yanayt, Eugene"]
[Black "Stojanovski, Sandi"]
[WhiteFideId "2020165"]
[BlackFideId "1403249"]
[WhiteElo "2046"]
[BlackElo "2345"]
[Result "0-1"]
[Round "10"]
[TimeControl "180+1"]
[Date "2022.05.25"]
[WhiteClock "0:00:06"]
[BlackClock "0:00:11"]

1. Nf3 Nf6 2. c4 e6 3. g3 d5 4. d4 c5 5. dxc5 Bxc5 6. Bg2 O-O 7. O-O Nc6 8. Bg5 d4 9. Nbd2 e5 10. Nb3 Be7 11. e3 h6 12. Bxf6 Bxf6 13. exd4 exd4 14. Qd3 g6 15. Rad1 Bf5 16. Qd2 d3 17. Nc5 Qb6 18. Nxd3 Bxd3 19. Qxd3 Qxb2 20. Rb1 Qxa2 21. Rxb7 Rad8 22. Qe4 Nd4 23. Nh4 Ne2+ 24. Kh1 Rd4 25. Qe3 Bxh4 26. gxh4 Qxc4 27. Qxh6 Rxh4 28. Qe3 Nf4 29. Rc1 Nxg2 30. Kxg2 Qg4+ 31. Kh1 Rh3 32. Rg1 Qxg1+ 33. Kxg1 Rxe3 34. fxe3 Ra8 35. Rb4 a5 36. Ra4 Kf8 37. Kf2 Ke7 38. Kf3 Kd6 39. Kf4 Kc5 40. Kg5 Ra6 41. h4 Kb5 42. Ra1 a4 43. e4 a3 44. h5 gxh5 45. Kxh5 Kb4 46. Kg5 Kb3 47. e5 a2 48. Rf1 a1=Q 49. Rxa1 Rxa1 50. Kf6 Rf1+ 51. Ke7 Kc4 52. Kd6 Kd4 53. e6 Rf6 54. Ke7 Rxe6+ 55. Kxf7 Ke5 56. Kg7 Rf6 57. Kh7 Kf5 58. Kg7 Kg5 59. Kh7 Rf7+ 60. Kg8 Kg6 61. Kh8 Rf8# 0-1


[Site "https://www.chess.com"]

[Event "Titled Tuesday Blitz May 24 Late 2022"]
[White "Yang, Kaiqi"]
[Black "Vujic, Mihailo"]
[WhiteFideId "8604398"]
[BlackFideId "918873"]
[WhiteElo "2373"]
[BlackElo "2256"]
[Result "1-0"]
[Round "10"]
[TimeControl "180+1"]
[Date "2022.05.24"]
[WhiteClock "0:01:25"]
[BlackClock "0:00:35"]

1. d4 d5 2. c4 e5 3. dxe5 d4 4. Nf3 Nc6 5. g3 Nge7 6. Bg2 Ng6 7. O-O Ngxe5 8. Nbd2 Nxf3+ 9. Nxf3 Bc5 10. a3 a5 11. b3 O-O 12. Ra2 Bf5 13. Rd2 Qe7 14. Bb2 Rad8 15. Qa1 Rfe8 16. Nxd4 Nxd4 17. Bxd4 Bxd4 18. Rxd4 Rxd4 19. Qxd4 Qxe2 20. Bxb7 Bd3 21. Ra1 h6 22. Bg2 Kh7 23. Bf1 Re4 24. Qxd3 Qxd3 25. Bxd3 f5 26. Bxe4 fxe4 27. b4 e3 28. a4 axb4 29. fxe3 b3 30. a5 b2 31. Rb1 c5 32. Rxb2 h5 33. a6 h4 34. a7 h3 35. a8=Q Kh6 36. Qc6+ g6 37. Qf6 Kh5 38. Rb8 Kg4 39. Qf4+ Kh5 40. Rh8# 1-0


[Site "https://www.chess.com"]

[Event "Titled Tuesday Blitz May 24 Late 2022"]
[White "Yurovskykh, Oleksandr"]
[Black "Yuan, Qingyu"]
[WhiteFideId "14134020"]
[BlackFideId "8609772"]
[WhiteElo "2292"]
[BlackElo "2359"]
[Result "0-1"]
[Round "10"]
[TimeControl "180+1"]
[Date "2022.05.24"]
[WhiteClock "0:00:05"]
[BlackClock "0:00:08"]

1. d4 d5 2. Bf4 Nf6 3. e3 e6 4. Nd2 Bd6 5. Bg3 O-O 6. Bd3 c5 7. c3 Qc7 8. dxc5 Qxc5 9. Ngf3 Qc7 10. Qe2 Nc6 11. e4 dxe4 12. Nxe4 Nxe4 13. Bxe4 g6 14. O-O-O Rd8 15. Bxd6 Rxd6 16. Rxd6 Qxd6 17. Rd1 Qc7 18. Qd2 b6 19. Qh6 Bb7 20. Ng5 f6 21. Nxe6 Qe7 22. Bd5 Kh8 23. Nf4 Ne5 24. Bxb7 Qxb7 25. f3 Qf7 26. Nd5 Rd8 27. Qd2 Nc4 28. Qd4 Ne5 29. f4 Ng4 30. h3 Ne3 31. Qxe3 Rxd5 32. Rxd5 Qxd5 33. Qe8+ Kg7 34. Qe7+ Kg8 35. Qxa7 Qxg2 36. Qxb6 Qf1+ 37. Kc2 Qxh3 38. a4 Qf5+ 39. Kb3 h5 40. a5 h4 41. a6 Qd5+ 42. Ka3 h3 43. a7 h2 44. Qb8+ Kg7 45. a8=Q h1=Q 46. Qxd5 Qxd5 47. Qa7+ Kh6 48. Qd4 Qxd4 49. cxd4 g5 50. fxg5+ fxg5 51. b4 g4 52. b5 g3 53. b6 g2 54. b7 g1=Q 55. b8=Q Qa1+ 56. Kb3 Qb1+ 57. Kc3 Qxb8 0-1


[Site "https://www.chess.com"]

[Event "Titled Tuesday Blitz May 24 Late 2022"]
[White "Zamorano, Jorge"]
[Black "Wachinger, Nikolas"]
[WhiteFideId "173770"]
[BlackFideId "12962791"]
[WhiteElo "2331"]
[BlackElo "2227"]
[Result "0-1"]
[Round "10"]
[TimeControl "180+1"]
[Date "2022.05.24"]
[WhiteClock "0:00:01"]
[BlackClock "0:00:13"]

1. d4 Nf6 2. Nf3 g6 3. c4 Bg7 4. Nc3 d6 5. e4 O-O 6. Be2 e5 7. O-O h6 8. Re1 Na6 9. Bf1 Nh7 10. dxe5 dxe5 11. Be3 c6 12. c5 Nc7 13. Nd2 Ng5 14. Nc4 Nce6 15. Nd6 Nd4 16. b4 b6 17. Bc4 Be6 18. f4 Bxc4 19. fxg5 Be6 20. gxh6 Bf6 21. Rf1 Kh7 22. Qd2 bxc5 23. bxc5 Be7 24. Bxd4 exd4 25. Qxd4 Kxh6 26. e5 Rb8 27. Nce4 Qa5 28. Nf6 Qb4 29. Qe3+ Kg7 30. Rac1 Rh8 31. Qg5 Qd4+ 32. Kh1 Rb2 33. Nh5+ Kf8 34. Qxg6 Bxd6 35. Qg7+ Ke7 36. Qxh8 Bxe5 37. Qh6 Qh4 38. g3 Qxh2# 0-1


[Site "https://www.chess.com"]

[Event "Titled Tuesday Blitz May 24 Late 2022"]
[White "Zherebtsova, Alexandra"]
[Black "Galiana Fernandez, Adrian"]
[WhiteFideId "24129518"]
[BlackFideId "32010150"]
[WhiteElo "2025"]
[BlackElo "2133"]
[Result "0-1"]
[Round "10"]
[TimeControl "180+1"]
[Date "2022.05.25"]
[WhiteClock "0:00:11"]
[BlackClock "0:00:28"]

1. d4 d5 2. c4 e6 3. Nf3 Nf6 4. g3 Bb4+ 5. Nbd2 Be7 6. Bg2 O-O 7. O-O c6 8. Qc2 b6 9. e4 dxe4 10. Nxe4 Bb7 11. Rd1 Nbd7 12. Bf4 Nxe4 13. Qxe4 Nf6 14. Qc2 Bd6 15. Bxd6 Qxd6 16. c5 Qc7 17. Ne5 Rfc8 18. b4 Nd5 19. Rab1 a5 20. a3 axb4 21. axb4 bxc5 22. bxc5 Ba6 23. Bxd5 exd5 24. Rb6 Bb5 25. Rb1 Ra4 26. Qd2 Rca8 27. Kg2 f6 28. Nf3 Ra2 29. Qe3 Qd7 30. Qf4 h5 31. Re1 Kh7 32. Rb8 Rxb8 33. Qxb8 Bd3 34. Re8 Be4 35. Rh8+ Kg6 36. Qf4 Ra3 37. g4 Qxg4+ 38. Qxg4+ hxg4 0-1


[Site "https://www.chess.com"]

[Event "Titled Tuesday Blitz May 24 Late 2022"]
[White "Zhigalko, Sergei"]
[Black "Bortnyk, Olexandr"]
[WhiteFideId "13502956"]
[BlackFideId "14120828"]
[WhiteElo "2662"]
[BlackElo "2723"]
[Result "1-0"]
[Round "10"]
[TimeControl "180+1"]
[Date "2022.05.24"]
[WhiteClock "0:01:14"]
[BlackClock "0:00:03"]

1. e4 Nf6 2. e5 Nd5 3. Nf3 d6 4. d4 dxe5 5. Nxe5 c6 6. Be2 Bf5 7. O-O Nd7 8. Nf3 e6 9. c4 N5f6 10. Bf4 Be7 11. Nc3 O-O 12. Re1 Ne4 13. Bf1 Nxc3 14. bxc3 Qa5 15. Qb3 b6 16. a4 Rac8 17. h3 h6 18. Rad1 Rfd8 19. Nd2 Bf6 20. c5 Nxc5 21. dxc5 Qxc3 22. Qxc3 Bxc3 23. Ba6 Bxd2 24. Bxc8 1-0


[Site "https://www.chess.com"]

[Event "Titled Tuesday Blitz May 24 Late 2022"]
[White "Avramidou, Anastasia"]
[Black "Sapunov, Evgeny"]
[WhiteFideId "4239873"]
[BlackFideId "4126661"]
[WhiteElo "2183"]
[BlackElo "2470"]
[Result "0-1"]
[Round "11"]
[TimeControl "180+1"]
[Date "2022.05.24"]
[WhiteClock "0:00:02"]
[BlackClock "0:00:21"]

1. d4 Nf6 2. c4 g6 3. Nc3 Bg7 4. e4 O-O 5. Bd3 Nc6 6. Nge2 e5 7. d5 Nd4 8. O-O c5 9. f3 d6 10. Be3 Nh5 11. Kh1 f5 12. exf5 gxf5 13. Rb1 a5 14. b3 b6 15. a3 Bd7 16. b4 axb4 17. axb4 Ra3 18. bxc5 bxc5 19. Rb7 Bc8 20. Rb2 Qe7 21. Qb1 Nxe2 22. Nxe2 e4 23. Rb3 Ra1 24. fxe4 fxe4 25. Rxf8+ Qxf8 26. Bxe4 Rxb1+ 27. Bxb1 Bf5 28. Ng1 Bxb1 29. Rxb1 Qe8 30. Rb3 Qe4 31. Nf3 h6 32. Nd2 Qc2 33. h3 Ng3+ 34. Kh2 Nf5 35. Bf4 Be5 36. Rb8+ Kg7 37. Bxe5+ dxe5 38. Rb7+ Kf8 39. Rb8+ Ke7 40. Rb7+ Kd8 41. Nf3 Qe4 42. Rh7 Qf4+ 43. Kg1 e4 44. Nh2 Qe3+ 45. Kf1 Ng3# 0-1


[Site "https://www.chess.com"]

[Event "Titled Tuesday Blitz May 24 Late 2022"]
[White "Barria Zuniga, Daniel"]
[Black "Jorquera, Marcelo"]
[WhiteFideId "3400816"]
[BlackFideId "3401197"]
[WhiteElo "2414"]
[BlackElo "2136"]
[Result "1-0"]
[Round "11"]
[TimeControl "180+1"]
[Date "2022.05.25"]
[WhiteClock "0:00:32"]
[BlackClock "0:00:01"]

1. c4 Nf6 2. g3 g6 3. Bg2 Bg7 4. Nc3 O-O 5. d4 d6 6. e3 e5 7. Nge2 Qe7 8. O-O Re8 9. Qc2 e4 10. f3 Bf5 11. fxe4 Nxe4 12. Nxe4 Bxe4 13. Bxe4 Qxe4 14. Qxe4 Rxe4 15. Nc3 Re8 16. Bd2 c6 17. Rae1 f5 18. h3 Nd7 19. g4 fxg4 20. hxg4 Nf6 21. g5 Ne4 22. Nxe4 Rxe4 23. Kf2 Rf8+ 24. Kg3 Rfe8 25. Rf4 d5 26. cxd5 cxd5 27. Rxe4 Rxe4 28. Rc1 Re7 29. Kf3 Kf7 30. Rc8 h5 31. b4 Rd7 32. b5 Ke6 33. a4 Rf7+ 34. Ke2 Rd7 35. a5 Kf5 36. Kf3 Rf7 37. b6 axb6 38. axb6 Kxg5+ 39. Ke2 Kf5 40. Kd3 h4 41. Rd8 Ke6 42. Bb4 g5 43. Rd6+ Kf5 44. Rxd5+ Kg4 45. Bd6 h3 46. e4 Rf3+ 47. Kc4 Rf2 48. Rc5 h2 49. Bxh2 Rxh2 50. Rc7 Rb2 51. Rxb7 Bf6 52. e5 Bd8 53. d5 1-0


[Site "https://www.chess.com"]

[Event "Titled Tuesday Blitz May 24 Late 2022"]
[White "Bonte, Andrei-Mihai"]
[Black "Kohler, Aran"]
[WhiteFideId "1210297"]
[BlackFideId "1002856"]
[WhiteElo "2192"]
[BlackElo "2254"]
[Result "1-0"]
[Round "11"]
[TimeControl "180+1"]
[Date "2022.05.25"]
[WhiteClock "0:00:11"]
[BlackClock "0:00:14"]

1. d4 d5 2. Nf3 c6 3. c4 Nf6 4. Nc3 e6 5. e3 Nbd7 6. b3 Bb4 7. Bd2 O-O 8. Qc2 a5 9. Bd3 h6 10. O-O Qe7 11. e4 Bxc3 12. Bxc3 dxe4 13. Bxe4 Nxe4 14. Qxe4 Nf6 15. Qe3 b5 16. Ne5 Bb7 17. a4 b4 18. Bb2 c5 19. dxc5 Rac8 20. c6 Bxc6 21. Qb6 Qb7 22. Qxb7 Bxb7 23. f3 Rfd8 24. Rad1 Kf8 25. Kf2 Ke7 26. Ke3 g5 27. Bd4 Nd7 28. Nxd7 Rxd7 29. Bf6+ Ke8 30. Rxd7 Kxd7 31. Rd1+ Ke8 32. g4 Bc6 33. Rd6 Bd7 34. Kd4 Bc6 35. Ke3 Kf8 36. Rd8+ Rxd8 37. Bxd8 Ke8 38. Bxa5 f5 39. h3 f4+ 40. Ke2 Kd7 41. Bxb4 Kc7 42. Bf8 e5 43. Bxh6 e4 44. Bxg5 exf3+ 45. Kf2 Be4 46. Bxf4+ Kc6 47. Ke3 Bc2 48. b4 Bxa4 49. Kxf3 Bb3 50. c5 Bd1+ 51. Kg3 Kb5 52. Bd2 Ba4 53. h4 Kc6 54. h5 Kd7 55. Kf4 Ke6 56. g5 Kf7 57. g6+ Kg8 58. Bc3 Be8 59. Kg5 Kf8 60. h6 Kg8 61. h7+ Kf8 62. h8=Q+ Ke7 63. Qe5+ Kd7 64. Qxe8+ Kxe8 65. Kf6 Kd7 66. b5 1-0


[Site "https://www.chess.com"]

[Event "Titled Tuesday Blitz May 24 Late 2022"]
[White "Bortnyk, Olexandr"]
[Black "Riehle, Marco"]
[WhiteFideId "14120828"]
[BlackFideId "12904392"]
[WhiteElo "2723"]
[BlackElo "2462"]
[Result "1-0"]
[Round "11"]
[TimeControl "180+1"]
[Date "2022.05.24"]
[WhiteClock "0:00:09"]
[BlackClock "0:01:21"]

1. d4 d5 2. Nc3 Nf6 3. Bf4 e6 4. Nb5 Na6 5. e3 c6 6. Nc3 Nc7 7. Nf3 Bd6 8. Ne5 O-O 9. Bd3 c5 10. dxc5 Bxc5 11. Qf3 b6 12. Qh3 Bb7 13. Bg5 Nce8 14. Bxh7+ Nxh7 15. Bxd8 Rxd8 16. O-O d4 17. exd4 Bxd4 18. Nf3 Bxc3 19. bxc3 Rc8 20. Nd2 Nef6 21. Rfe1 Nd5 22. Ne4 Nhf6 23. Nxf6+ Nxf6 24. Rad1 Nd5 25. Qh4 Rxc3 26. Rd3 Rxd3 27. cxd3 Rc8 28. h3 Nf6 29. Qa4 a6 30. Qd4 Nd5 31. Rb1 b5 32. Qa7 Rc7 33. Qb8+ Kh7 34. a4 b4 35. Rxb4 Rc1+ 36. Kh2 Nxb4 37. Qxb7 a5 38. Qxf7 Nd5 39. Qh5+ Kg8 40. Qe8+ Kh7 41. Qxe6 Nf6 42. d4 Rd1 43. Qf5+ Kg8 44. Qxa5 Rxd4 45. Qa8+ Kh7 46. a5 Nd7 47. a6 Nb6 48. Qb7 Rd6 49. a7 Rf6 50. a8=Q Nxa8 51. Qe4+ g6 52. Qxa8 g5 53. Qb7+ Kh6 54. f3 g4 55. hxg4 Rg6 56. Qe7 Ra6 57. Qf7 Ra2 58. Qxa2 Kg5 59. Kg3 Kf6 60. Qd5 Kg6 61. Kf4 Kg7 62. Qe6 1-0


[Site "https://www.chess.com"]